 Dungeon Crawl Stone Soup version 0.28.0-1-gb440e238dd (webtiles) character file.

Game seed: 6812854092977744419

254 Descartes the Magician (level 5, -2/28 HPs)
             Began as a Deep Elf Fire Elementalist on Feb 19, 2022.
             Slain by an orc warrior (13 damage)
             ... on level 3 of the Dungeon.
             The game lasted 00:08:58 (5423 turns).

Descartes the Magician (Deep Elf Fire Elementalist) Turns: 5423, Time: 00:08:59

Health: -2/28      AC:  6    Str:  7    XL:     5   Next: 91%
Magic:  0/13       EV: 10    Int: 26    God:
Gold:   239        SH:  8    Dex: 15    Spells: 5/12 levels left

rFire   . . .      SeeInvis .   h - +0 short sword
rCold   . . .      Faith    .   l - +0 kite shield
rNeg    . . .      Spirit   +   u - +3 leather armour
rPois   .          Reflect  .   (no helmet)
rElec   .          Harm     .   (no cloak)
rCorr   .          Rampage  .   (no gloves)
Will    +....                   (no boots)
Stlth   ++........              s - amulet of guardian spirit
HPRegen 0.09/turn               o - ring of Laesa {Will+ Int+6}
MPRegen 0.13/turn               (no ring)

@: no status effects
A: no striking features
a: no special abilities


You were on level 3 of the Dungeon.
You visited 1 branch of the dungeon, and saw 4 of its levels.

You collected 239 gold pieces.

Inventory:

Hand Weapons
 h - a +0 short sword (weapon)
Missiles
 d - 4 javelins
 f - 84 stones
 p - 67 sling bullets
Armour
 l - a +0 kite shield (worn)
 u - a +3 leather armour (worn)
Jewellery
 o - the ring of Laesa (left hand) {Will+ Int+6}
   (You found it on level 2 of the Dungeon)

   [ring of intelligence]

   Int:       It affects your intelligence (+6).
   Will:      It increases your willpower.
 s - an amulet of guardian spirit (around neck)
Scrolls
 a - a scroll of enchant armour {unknown}
 b - a scroll of blinking {unknown}
 e - 3 scrolls of teleportation {unknown}
 j - 4 scrolls of identify {unknown}
 k - 2 scrolls of amnesia {unknown}
 m - a scroll of acquirement {unknown}
 n - 2 scrolls of fear {unknown}
 q - a scroll of holy word {unknown}
 r - a scroll of summoning {unknown}
Potions
 c - 2 potions of invisibility {unknown}
 g - a potion of haste {unknown}
 i - 2 potions of curing {unknown}
 t - a potion of attraction {unknown}
 v - a potion of brilliance {unknown}


   Skills:
 + Level 1.8 Short Blades
 + Level 3.4 Dodging
 - Level 3.0 Stealth
 * Level 1.6 Shields
 + Level 4.2 Spellcasting
 + Level 2.5 Conjurations
 + Level 1.1 Hexes
 + Level 4.1 Fire Magic
 + Level 0.8 Earth Magic


You had 5 spell levels left.
You knew the following spells:

 Your Spells              Type           Power      Damage    Failure   Level
a - Foxfire               Conj/Fire      92%        2x1d8     11%         1
b - Scorch                Fire           54%        2d7       12%         2
c - Flame Wave            Conj/Fire      23%        2d7       71%         4

Your spell library contained the following spells:

 Spells                   Type           Power      Damage    Failure   Level
 Sandblast                Erth           18%        2d7       30%         1
 Conjure Flame            Conj/Fire      23%        6-21      30%         3
 Inner Flame              Hex/Fire       19%        N/A       38%         3
 Passwall                 Tmut/Erth      5%         N/A       47%         2
 Dazzling Flash           Conj/Hex       30%        N/A       52%         3
 Stone Arrow              Conj/Erth      28%        3d8       52%         3
 Iskenderun's Mystic Bla  Conj/Tloc      12%        2d5       94%         4
 Starburst                Conj/Fire      11%        6d5       100%        6


Dungeon Overview and Level Annotations

Branches:
Dungeon (4/15)
 Temple: D:4-7

Altars:


Message History

The foxfire hits the orc warrior.
The orc warrior is moderately wounded.
Casting: Scorch (safe; 12% risk of failure)
Confirm with . or Enter, or press ? or * to list all spells.
You conjure some foxfire!
The orc priest miscasts a cantrip.
You block the orc warrior's attack.
The orc warrior hits your foxfire with a +0 war axe.
The foxfire hits the orc warrior.
The orc warrior is moderately wounded.
The foxfire hits the orc warrior but does no damage.
The orc warrior is moderately wounded.
The orc warrior is no longer more vulnerable to fire.
The orc priest mumbles some strange prayers to Beogh against you.
Beogh smites you!
The orc priest invokes the aid of Beogh against you.
Beogh smites you!
* * * LOW HITPOINT WARNING * * *
The orc priest calls upon Beogh to heal the orc warrior.
The orc warrior is healed somewhat.
The orc priest calls upon Beogh to heal the orc warrior.
The orc warrior's wounds heal themselves!
Things that are here:
a +0 chain mail; a +0 robe; a +0 dagger You can't go up here!
There is a stone staircase leading up here.
You block the orc warrior's attack.
You climb upwards.
There is a stone staircase leading down here.
Casting: Foxfire (safe; 11% risk of failure)
Confirm with . or Enter, or press ? or * to list all spells.
Flames lash the orc warrior.
The orc warrior is moderately wounded.
The orc warrior's fire resistance burns away.
The orc warrior closely misses you.
Casting: Scorch (safe; 12% risk of failure)
Confirm with . or Enter, or press ? or * to list all spells.
You conjure some foxfire!
The orc warrior hits you with a +0 war axe!
You die...

#.# ######....#############.#.###
#.###......#####.........##.#....
...##.####### #......###.##.#####
...##.......# #......# #.##.#
...########.# #......# #.##.#
...# #<# #......# #.##.# #'## #.#
#......# #.##.#
#.#########.####'##### #....#
................@############
............##.ovv........#
......########.##################
......# #.......#.............>.
......# #.#######.##############
......# #...........)..#........
......#############.##.##.#######
########..##..'...#.##....##.# #
.# #..........#...#.##.......# #


You could see an orc warrior (combustible, ally target).

Vanquished Creatures
  A scorpion (D:4)
  2 orc wizards (D:4)
  A gnoll (D:3)
  7 adders
  A worm (D:2)
  A dart slug (D:1)
  8 orcs
  2 ball pythons
  3 endoplasms
  2 giant cockroaches
  8 goblins
  4 hobgoblins
  2 jackals (D:4)
  5 quokkas
  5 bats
  5 frilled lizards
  4 kobolds
  8 rats
69 creatures vanquished.

Vanquished Creatures (others)
  346 foxfires
346 creatures vanquished.

Grand Total: 415 creatures vanquished

Notes
Turn   | Place    | Note
-------+----------+-------------------------------------------
     0 | D:1      | Descartes the Deep Elf Fire Elementalist began the quest
                  | for the Orb.
     0 | D:1      | Reached XP level 1. HP: 10/10 MP: 6/6
   589 | D:1      | Reached XP level 2. HP: 15/15 MP: 2/8
  1645 | D:2      | Reached XP level 3. HP: 19/19 MP: 3/9
  1866 | D:2      | Reached skill level 1 in Short Blades
  2123 | D:2      | Found a faded altar of an unknown god.
  2163 | D:2      | Identified the ring of Laesa {Will+ Int+6}
  2708 | D:3      | Reached XP level 4. HP: 17/24 MP: 8/11
  3818 | D:3      | Reached skill level 1 in Shields
  4561 | D:4      | Learned a level 2 spell: Scorch
  4566 | D:4      | Learned a level 4 spell: Flame Wave
  4687 | D:4      | Noticed a scorpion
  4698 | D:4      | Killed a scorpion
  4699 | D:4      | Reached XP level 5. HP: 20/28 MP: 0/13
  4864 | D:4      | Noticed an orc warrior
  5243 | D:4      | Reached skill level 1 in Hexes
  5423 | D:3      | Slain by an orc warrior

Illustrated notes

Levels and vault maps discovered:
D:1:      minmay_arrival_doors, layout_basic
D:2:      layout_loops_corners, basic_ecumenical_altar
D:3:      minmay_chambers_of_twos, layout_basic
D:4:      layout_layer_cave

Skill      XL: |  1  2  3  4  5 |
---------------+----------------+-----
Stealth        | 3 |  3.0
Dodging        | 3 |  3.4
Short Blades   | 1 |  1.8
Conjurations   | 2 |  2.5
Shields        | 1 |  1.6
Spellcasting   | 4 |  4.2
Fire Magic     | 4 |  4.1
Hexes          | 1 |  1.1
Earth Magic    | |  0.8

Action                   |  1- 3 |  4- 6 || total
-------------------------+-------+-------++-------
Melee: Short sword       |     1 |     4 ||     5
 Cast: Foxfire           |    92 |   120 ||   212
       Scorch            |       |     8 ||     8
 Stab: Sleeping          |     1 |       ||     1
Armor: Robe              |     5 |       ||     5
       Leather armour    |       |     9 ||     9
Dodge: Dodged            |    19 |     5 ||    24
Block: Kite shield       |       |     7 ||     7
